Get step-by-step instructions on how to execute this build order below. Start the game timer, and the build order will tick by so you can play in parallel with StarCraft on a second screen or mobile device.

Game Time

  0:00

Last Step

  N/A

Next Step

Upcoming Step



Don't want to look back and forth between 2 screens? Try out our Overwolf App, the Spawning Tool Build Advisor to get an in-game overlay with this build!

Complete Build Order

  12  0:00  SCV  
  13  0:12  SCV  
  14  0:17  Supply Depot  
  14  0:24  SCV  
  15  0:38  SCV  
  15  0:39  Barracks  
  15  0:42  Refinery  
  16  0:50  SCV  
  16  0:52  Refinery  
  17  1:02  SCV  
  18  1:14  SCV  
  19  1:26  Reaper  
  19  1:27  Orbital Command, Supply Depot  
  20  1:40  Factory  
  20  1:52  SCV  
  21  1:58  Barracks Reactor  
  21  2:04  SCV  
  22  2:14  Command Center  
  22  2:16  SCV  
  23  2:24  Widow Mine  
  23  2:28  SCV  
  26  2:34  Marine x2  
  28  2:41  SCV  
  29  2:46  Starport  
  29  2:49  Supply Depot  
  29  2:53  SCV  
  29  2:56  Marine  
  31  3:10  Marine, Cyclone  
  34  3:13  SCV  
  34  3:14  Marine  
  36  3:22  Medivac  
  36  3:26  SCV  
  39  3:30  Marine  
  39  3:32  Orbital Command, Marine  
  41  3:39  SCV  
  42  3:46  Factory Tech Lab  
  42  3:50  Barracks  
  42  3:51  SCV, Marine x2  
  42  3:54  Barracks  
  45  3:58  SCV  
  45  4:00  Starport Tech Lab  
  45  4:03  SCV  
  45  4:05  Engineering Bay  
  46  4:10  Siege Tank  
  46  4:14  Marine x2  
  46  4:16  SCV  
  52  4:19  SCV  
  52  4:21  Supply Depot  
  53  4:28  SCV  
  52  4:34  Marine x2  
  54  4:43  SCV  
  54  4:45  SCV  
  53  4:51  Terran Infantry Weapons Level 1  
  48  4:53  Marine x2  
  48  4:54  Stimpack  
  48  4:55  SCV, Marine x2  
  48  4:58  Combat Shield  
  48  4:59  SCV  
  54  5:00  Missile Turret  
  54  5:02  Missile Turret  
  51  5:07  SCV, Factory Reactor  
  51  5:08  Starport Reactor  
  51  5:09  Factory Tech Lab  
  51  5:11  SCV, Marine, Refinery  
  51  5:12  Marine  
  51  5:13  Marine, Refinery  
  56  5:16  Marine  
  56  5:19  SCV  
  58  5:23  SCV  
  58  5:26  Supply Depot  
  59  5:31  Siege Tank  
  62  5:40  Command Center  
  62  5:42  SCV  
  62  5:47  Marine x3  
  62  5:48  SCV, Marine  
  67  5:54  Medivac  
  67  5:56  SCV  
  67  5:57  Supply Depot  
  70  6:09  Marine x2, Medivac  
  70  6:10  SCV x2, Marauder  
  78  6:16  Marauder  
  77  6:24  SCV x2, Barracks  
  79  6:25  Barracks  
  79  6:28  Medivac  
  81  6:35  Marine  
  81  6:36  Marine, Marauder  
  85  6:41  Supply Depot, SCV  
  86  6:49  Supply Depot  
  86  6:55  SCV, Siege Tank  
  90  7:02  Marine  
  90  7:03  Marine, Marauder x2  
  90  7:04  Terran Infantry Armor Level 1  
  90  7:07  Missile Turret, Viking  
  90  7:08  SCV x2  
  100  7:13  Viking  
  102  7:17  Barracks Tech Lab, Barracks Reactor  
  102  7:20  SCV x2  
  103  7:23  Marine x2  
  103  7:29  SCV  
  104  7:32  SCV  
  105  7:37  Marauder x3  
  105  7:40  Marine x2  
  105  7:42  Supply Depot  
  105  7:43  Orbital Command  
  113  7:47  SCV x2  
  113  7:49  Supply Depot  
  115  7:52  Armory  
  115  7:57  Viking  
  117  8:03  SCV x2, Marine  
  117  8:04  Marauder x2  
  124  8:09  SCV  
  125  8:14  Marine, Marauder  
  125  8:15  SCV  
  125  8:16  Viking  
  125  8:17  Marine x2  
  133  8:20  Supply Depot  
  133  8:21  Supply Depot  
  133  8:23  Supply Depot, SCV  
  134  8:29  Medivac  
  136  8:39  Marine  
  136  8:40  Marauder x2  
  141  8:41  Marine x2, Ghost Academy  
  141  8:42  Marauder  
  141  8:45  SCV x2  
  141  8:46  Medivac  
  149  8:48  SCV  
  149  8:52  Refinery  
  149  8:53  Refinery  
  150  8:57  Terran Infantry Weapons Level 2  
  150  9:00  Viking  
  152  9:03  Marine x4, Marauder x2  
  160  9:19  Command Center  
  160  9:27  Marauder x2  
  164  9:33  Siege Tank  
  147  9:51  Medivac x2  
  149  9:54  Ghost x3  
  149  9:55  Marine x4  
  159  10:01  Sensor Tower  
  159  10:04  Supply Depot  
  159  10:05  Barracks  
  159  10:06  Barracks  
  159  10:07  Barracks  
  159  10:08  Supply Depot, SCV  
  159  10:09  SCV  
  161  10:23  Ghost  
  161  10:25  Medivac  
  161  10:26  Ghost x2, Medivac  
  161  10:27  Marine x2  
  173  10:30  Marine x2  
  173  10:33  SCV x2  
  173  10:34  SCV  
  178  10:38  Siege Tank  
  178  10:40  Drilling Claws  
  181  10:44  Supply Depot  
  181  10:45  SCV  
  181  10:47  Marine  
  181  10:48  Marine  
  184  10:52  Marauder  
  184  10:56  Barracks Tech Lab x3  
  184  10:57  Missile Turret  
  186  10:58  SCV x3  
  186  11:04  Marine x2, Marauder x2  
  191  11:05  Marine x2  
  191  11:10  SCV x2  
  198  11:16  Planetary Fortress  
  198  11:19  Terran Infantry Weapons Level 3  
  198  11:23  Marauder  
  200  11:35  Missile Turret  
  200  11:36  Missile Turret  
  200  11:51  Marauder  
  196  12:03  Marauder  
  187  12:08  Marine  
  187  12:09  Marine x3, Marauder x4  
  187  12:12  Marine  
  187  12:15  Sensor Tower  
  188  12:19  Command Center  
  188  12:22  Command Center  
  179  12:24  Marine  
  179  12:26  Marine x2  
  179  12:28  Marine x2  
  182  12:30  Marauder x5  
  195  12:37  Siege Tank, Refinery  
  195  12:38  Refinery  
  195  12:42  Marauder  
  197  12:44  Marine x2  
  197  12:46  Marine  
  195  12:51  Marine, Marauder x2  
  195  12:55  Ghost x2  
  200  13:00  Command Center  
  200  13:09  Marauder  
  195  13:13  Ghost x2  
  195  13:14  Marine  
  198  13:25  Viking x2  
  198  13:26  Siege Tank, Marauder x2  
  192  13:28  Marauder  
  192  13:30  Marine  
  192  13:31  Marauder  
  178  13:39  Marine x3  
  173  13:42  Planetary Fortress, Marauder x2  
  173  13:47  Ghost x2  
  162  13:54  Marine, Marauder x2  
  162  13:55  Command Center, Medivac x2  
  167  13:56  Marine, Terran Infantry Armor Level 2  
  167  13:58  Siege Tank  
  167  14:00  Marine  
  176  14:03  Marine  
  176  14:04  Marauder x2  
  181  14:12  Marine  
  181  14:14  Marine  
  181  14:16  Marine, Marauder x3  
  170  14:18  Marine  
  156  14:24  Marine  
  156  14:25  Marauder x2  
  156  14:29  Marine, Missile Turret  
  156  14:30  Medivac  
  156  14:31  Medivac  
  154  14:34  Marauder  
  154  14:37  Marauder x2  
  154  14:38  Marauder  
  162  14:42  SCV x3  
  162  14:44  Marine x3  
  168  14:46  Marauder x2  
  168  14:47  Planetary Fortress  
  168  14:50  Marine  
  173  14:55  Marine  
  173  14:57  SCV x3  
  177  15:08  Missile Turret  
  177  15:09  SCV  
  177  15:10  SCV x4  
  177  15:12  Medivac x2  
  186  15:14  Ghost  
  186  15:19  Ghost  
  190  15:21  SCV  
  190  15:25  Concussive Shells  
  195  15:29  Orbital Command  
  195  15:31  Marauder  
  192  15:42  Siege Tank, Ghost, Medivac x2  
  199  15:56  Ghost x2  
  191  16:02  Ghost x2  
  191  16:03  Marine, Marauder  
  174  16:12  Marauder  
  172  16:25  Marauder x3  
  176  16:26  Marine  
  176  16:29  SCV x3  
  172  16:33  Ghost x2  
  172  16:34  Marine x4  
  170  16:44  Orbital Command, Marine  
  170  16:46  Marine x3  
  174  16:47  Command Center  
  174  16:48  Terran Infantry Armor Level 3  
  174  16:52  Marine x2  
  174  16:53  Missile Turret  
  176  17:01  Siege Tank, Marine  
  179  17:02  Ghost  
  179  17:06  Ghost  
  177  17:18  Medivac x2  
  177  17:19  Marauder  
  178  17:27  Marauder  
  169  17:32  Marauder  
  169  17:33  Marine  
  137  17:48  Marine  
  130  17:52  Marauder x2  
  130  17:53  Marine x6, Marauder  
  142  18:00  Refinery x2  
  142  18:04  SCV x5  
  147  18:05  Marine  
  147  18:11  Marine x6  
  154  18:13  Marine  
  155  18:23  Marauder x2  
  147  18:28  Marine  
  147  18:29  Marauder x3  
  147  18:31  Marauder  
  156  18:34  Command Center  
  153  18:43  Ghost x2  
  153  18:46  Marine  
  153  18:47  Marine x3  
  159  18:50  Ghost  
  159  18:51  Marauder x2  
  159  18:53  Marauder  
  158  19:04  Marine  
  142  19:12  Marauder x2  
  142  19:13  Marauder x2  
  142  19:14  Marauder  
  142  19:16  Marine  
  122  19:18  Marine  
  122  19:19  Marauder  
  118  19:24  Missile Turret  
  118  19:34  Marauder x4  
  118  19:35  Marauder  
  118  19:36  Viking x2  
  128  19:47  Ghost  
  128  19:50  Marine  
  128  19:51  Marine x3  
  129  19:54  Marine, Ghost  
  129  19:57  SCV x5  
  137  20:00  Marine  
  137  20:01  Marauder x2  
  142  20:08  Marine x4  
  142  20:09  Siege Tank  
  142  20:11  Missile Turret  
  142  20:12  Marine, Viking x2  
  154  20:16  Marine  
  154  20:18  Marine  
  153  20:21  Marine  
  153  20:25  Marauder x2  
  153  20:26  Marine  
  153  20:27  Marine  
  154  20:30  Marine  
  154  20:31  Marauder  
  154  20:34  Marauder  
  153  20:36  Marauder  
  153  20:38  Missile Turret  
  153  20:42  Marauder  
  157  20:43  Marine  
  158  20:56  Marine  
  161  20:57  Marauder  
  157  21:16  Marauder x2  
  158  21:21  Medivac  
  158  21:22  Medivac  
  158  21:23  Siege Tank  
  153  21:43  Marine  
  153  21:44  Marine x9  
  155  21:51  Viking  
  155  21:52  Viking  
  159  21:58  Orbital Command  
  140  22:01  Marine x2  
  140  22:02  Marauder x2  
  140  22:03  Marauder  
  140  22:06  Marauder  
  140  22:07  Marine  
  134  22:14  Marine  
  135  22:16  Marine x2  
  135  22:19  Marine x2  
  135  22:21  Medivac  
  141  22:23  Marine x3  
  141  22:24  Marine  
  141  22:27  Marine  
  146  22:32  Marine  
  146  22:35  Marine, Ghost  
  146  22:37  Marine x2  
  139  22:41  Marine x3  
  139  22:42  Marine  
  145  22:45  Marine  
  145  22:49  Marine  
  130  22:54  Marauder